 Dungeon Crawl Stone Soup version 0.25-a0-435-g4b9beb1024 (webtiles) character file.

Game seed: 10983087995333827459, levelgen mode: deterministic

6575 kae the Cleaver (level 11, -2/101 (102) HPs)
             Began as a Hill Orc Fighter on Jan 29, 2020.
             Was a Believer of Makhleb.
             Splashed by an orc's acid (18 damage)
             ... on level 9 of the Dungeon.
             The game lasted 00:08:36 (7500 turns).

kae the Cleaver (Hill Orc Fighter)                  Turns: 7500, Time: 00:08:37

HP:   -2/101 (102)  AC:  5    Str: 23    XL:     11   Next: 1%
MP:   18/18         EV:  5    Int:  8    God:    Makhleb [**....]
Gold: 1602          SH:  9    Dex: 10    Spells: 10/10 levels left

rFire    + . .     SeeInvis .   a - +3 hand axe (vamp)
rCold    . . .     Gourm    +   c - +0 shield
rNeg     . . .     Faith    .   D - +1 chain mail {rF+}
rPois    +         Spirit   .   u - +1 helmet
rElec    .         Reflect  .   w - +0 cloak
rCorr    .         Harm     .   (no gloves)
MR       +....                  (no boots)
Stlth    ..........             g - amulet of the gourmand
HPRegen  0.26/turn              j - ring of poison resistance
MPRegen  0.16/turn              y - ring of protection from magic

@: corroded
A: no striking features
a: Minor Destruction, Renounce Religion


You were on level 9 of the Dungeon.
You worshipped Makhleb.
Makhleb was pleased with you.
You were completely stuffed.

You visited 2 branches of the dungeon, and saw 10 of its levels.

You collected 1602 gold pieces.

Inventory:

Hand Weapons
 a - a +3 vampiric hand axe (weapon)
 b - a +3 hand axe of flaming
Armour
 c - a +0 shield (worn)
 u - a +1 helmet (worn)
 w - a +0 cloak (worn)
 D - a +1 chain mail of fire resistance (worn)
Jewellery
 g - an amulet of the gourmand (around neck)
 j - a ring of poison resistance (left hand)
 k - an uncursed amulet of the acrobat
 v - an uncursed ring of flight
 y - a ring of protection from magic (right hand)
 A - an uncursed ring of stealth
Wands
 e - a wand of disintegration (5)
 h - a wand of iceblast (11)
 n - a wand of acid (2)
 z - a wand of polymorph (12)
Scrolls
 d - 5 scrolls of teleportation
 m - 5 scrolls of identify
 o - 2 scrolls of amnesia
 q - a scroll of magic mapping
 s - 2 scrolls of remove curse
 B - a scroll of blinking
Potions
 i - 5 potions of heal wounds
 l - 3 potions of curing
 p - 4 potions of mutation
 r - 4 potions of haste
 t - a potion of flight
 x - a potion of lignification
 E - 2 potions of magic
 F - a potion of berserk rage {unknown}
Comestibles
 f - 19 rations


   Skills:
 - Level 11.3 Fighting
 - Level 14.0 Axes
 - Level 3.2 Armour
 - Level 3.2 Shields
 + Level 10.3 Invocations


You had 10 spell levels left.
You didn't know any spells.
Your spell library contained the following spells:

 Spells                   Type           Power        Failure   Level  Hunger
 Magic Dart               Conj           #...         100%        1    ##.....
 Blink                    Tloc           N/A          100%        2    ###....
 Call Imp                 Summ           #.......     100%        2    ###....
 Slow                     Hex            #.......     100%        2    ###....
 Conjure Flame            Conj/Fire      #.......     100%        3    ####...
 Mephitic Cloud           Conj/Pois/Air  #.......     100%        3    ####...


Dungeon Overview and Level Annotations

Branches:
Dungeon (9/15)             Temple (1/1) D:7
   Lair: D:8-11         Orc: D:9-12

Altars:
Ashenzari
Cheibriados
Dithmenos
Elyvilon
Fedhas
Gozag
Hepliaklqana
Kikubaaqudgha
Makhleb
Nemelex Xobeh
Okawaru
Qazlal
Ru
Sif Muna
Trog
Uskayaw
Vehumet
Wu Jian
Xom
Yredelemnul
Zin
The Shining One


Message History

The orc zaps a wand.
The bolt of acid hits you!!
You are splashed with acid!
The orc zaps a wand.
The bolt of acid hits you. The acid corrodes you!
You are splashed with acid!
You see here 19 stones.
You are too injured to fight recklessly!
You are too injured to fight recklessly!
You are too injured to fight recklessly!
You are too injured to fight recklessly!
You are too injured to fight recklessly!
You are too injured to fight recklessly!
An orc is nearby!
You are too injured to fight recklessly!
You are too injured to fight recklessly!
The orc zaps a wand.
The bolt of acid hits you! The acid corrodes you!
You are splashed with acid!
* * * LOW HITPOINT WARNING * * *
The orc zaps a wand.
The bolt of acid hits you!
* * * LOW HITPOINT WARNING * * *
The acid corrodes you!
You are splashed with acid!!
You die...

........# ###'######.......
.........#
#....)...........
..........#
#................ ..
#..........######
#.##..........#
..#..........#
############o#...[......##
#.........##...........รท.#
#.........###@##.#####...#
#.........# #.##'#####...#
#.........# #(.).........#
####.).......#
##.).).......#
.............#
#...........#
.............#
##....).....#
.............# #..........#
......######## ##'#####...#
......# #.# #...#


You could see an orc.

Vanquished Creatures
  Erolcha (D:9)
  A two-headed ogre (D:9)
  A troll (D:9)
  2 hippogriffs (D:9)
  A meliai zombie (D:9)
  A vampire (D:9)
  A wyvern (D:8)
  Grum (D:9)
  3 ice beasts
  An orc warrior (D:9)
  2 black bears
  A hornet zombie (D:6)
  A necrophage (D:7)
  A phantom (D:8)
  An eye of draining (D:9)
  4 ogres
  3 wolves (D:9)
  A centaur (D:7)
  A crocodile (D:9)
  A big kobold (D:9)
  2 bullfrogs (D:8)
  A wyvern zombie (D:9)
  5 scorpions
  11 killer bees (D:7)
  3 wights (D:9)
  3 howler monkeys (D:8)
  A centaur zombie (D:5)
  3 crimson imps
  2 jellies
  4 orc priests
  A hound (D:7)
  7 orc wizards
  Ijyb (D:3)
  3 iguanas
  11 worker ants
  3 killer bee zombies
  A worker ant zombie (D:5)
  8 adders
  4 shadow imps
  An ooze (D:2)
  2 adder skeletons (D:9)
  3 worms
  2 dart slugs
  8 leopard geckos
  41 orcs
  9 bats
  8 giant cockroaches
  6 goblins
  5 hobgoblins
  16 jackals
  12 kobolds
  7 quokkas
  A ball python skeleton (D:3)
  6 frilled lizards
  A leopard gecko skeleton (D:7)
  A quokka skeleton (D:9)
  5 rats
237 creatures vanquished.

Notes
Turn   | Place    | Note
-------+----------+-------------------------------------------
     0 | D:1      | kae the Hill Orc Fighter began the quest for the Orb.
     0 | D:1      | Reached XP level 1. HP: 19/19 MP: 1/1
    63 | D:1      | Reached skill level 3 in Axes
   139 | D:1      | Reached XP level 2. HP: 24/26 MP: 2/2
   369 | D:1      | Reached skill level 4 in Axes
   793 | D:2      | Reached XP level 3. HP: 30/31 MP: 3/3
   878 | D:2      | Reached skill level 5 in Axes
   878 | D:2      | Reached XP level 4. HP: 39/39 MP: 4/4
   965 | D:2      | Reached skill level 6 in Axes
  1743 | D:3      | Reached XP level 5. HP: 44/45 MP: 5/5
  1877 | D:3      | Reached skill level 7 in Axes
  1949 | D:3      | Noticed Ijyb
  1966 | D:3      | Killed Ijyb
  2665 | D:4      | Reached skill level 8 in Axes
  2665 | D:4      | Reached XP level 6. HP: 51/51 MP: 6/6
  3047 | D:5      | Entered Level 5 of the Dungeon
  3129 | D:5      | Reached skill level 9 in Axes
  3340 | D:5      | Reached XP level 7. HP: 50/57 MP: 7/7
  3578 | D:6      | Reached skill level 10 in Axes
  3854 | D:6      | Reached skill level 11 in Axes
  3855 | D:6      | Reached XP level 8. HP: 24/64 MP: 8/8
  4358 | D:6      | Reached skill level 12 in Axes
  4616 | D:7      | Reached skill level 13 in Axes
  4769 | D:7      | Found a staircase to the Ecumenical Temple.
  4813 | D:7      | Reached skill level 14 in Axes
  4813 | D:7      | Reached XP level 9. HP: 65/70 MP: 9/9
  4834 | Temple   | Entered the Ecumenical Temple
  5075 | Temple   | Became a worshipper of Makhleb the Destroyer
  5133 | D:7      | Found the +3 robe of Folly {Archmagi, MR-- Int+5}
  5180 | D:7      | Found a white marble altar of Elyvilon.
  5351 | D:7      | Reached skill level 5 in Fighting
  5810 | D:8      | Reached * piety under Makhleb
  6401 | D:9      | Identified a scroll of acquirement
  6414 | D:9      | Noticed Grum
  6418 | D:9      | Reached skill level 10 in Fighting
  6431 | D:9      | Reached XP level 10. HP: 60/93 MP: 10/10
  6446 | D:9      | Killed Grum
  6925 | D:9      | Noticed Erolcha
  6927 | D:9      | Found a hide-covered altar of Uskayaw.
  7002 | D:9      | Reached ** piety under Makhleb
  7022 | D:9      | Noticed a two-headed ogre
  7030 | D:9      | Killed a two-headed ogre
  7057 | D:9      | Reached skill level 5 in Invocations
  7395 | D:9      | Killed Erolcha
  7395 | D:9      | Reached skill level 10 in Invocations
  7395 | D:9      | Reached XP level 11. HP: 87/101 MP: 16/18
  7500 | D:9      | Splashed by an orc's acid

Levels and vault maps discovered:
D:1:      lemuel_arrival_cross, layout_rooms, minmay_misc_feat_tiny,
          dk_noncrumbling_4
D:2:      layout_basic
D:3:      layout_loops_ring, uniq_ijyb
D:4:      layout_rooms
D:5:      layout_basic, first_ration
D:6:      layout_rooms
D:7:      layout_basic, minmay_temple_entry_grid, grunt_ogre_cave,
          elyvilon_altar_4
D:8:      layout_basic
D:9:      layout_basic, eat_drink_and_be_merry_uskayaw,
          kennysheep_generic_room_8, uniq_grum, uniq_erolcha
Temple:   roderic_octagonal_lattice_temple

Skill      XL: |  1  2  3  4  5  6  7  8  9 10 |
---------------+-------------------------------+-----
Axes           | 3 4 5 6 8 9 11 14 | 14.0
Fighting       | 10 11 | 11.3
Invocations    | 10 | 10.3
Armour         | |  3.2
Shields        | |  3.2

Action                   |  1- 3 |  4- 6 |  7- 9 | 10-12 || total
-------------------------+-------+-------+-------+-------++-------
Melee: War axe           |    32 |       |       |       ||    32
       Hand axe          |    41 |   223 |   439 |   233 ||   936
Evoke: Wand              |       |       |       |     3 ||     3
  Use: Scroll            |     3 |    11 |     7 |     2 ||    23
       Potion            |     2 |     3 |       |       ||     5
 Stab: Invisible         |       |     5 |       |       ||     5
  Eat: Chunk             |     6 |    14 |    10 |     4 ||    34
Armor: Scale mail        |    25 |    55 |   140 |     2 ||   222
       Chain mail        |       |       |       |    64 ||    64
Dodge: Dodged            |    21 |    50 |   101 |    33 ||   205
Block: Shield            |    25 |    81 |   155 |    69 ||   330

Table legend:
 A = Non-vault XP
 B = Vault XP
 C = Vault XP percentage of total XP
 D = Non-vault monster count
 E = Vault monster count
 F = Vault count percentage of total count
                 A         B        C        D         E       F
            +---------+---------+-------+---------+---------+-------
      Total |    7664 |    1729 |  18.4 |     229 |       8 |   3.4
            +---------+---------+-------+---------+---------+-------
        D:1 |      24 |       0 |   0.0 |      13 |       0 |   0.0
        D:2 |     140 |       0 |   0.0 |      34 |       0 |   0.0
        D:3 |     112 |      36 |  24.3 |      29 |       1 |   3.3
        D:4 |     123 |       0 |   0.0 |      11 |       0 |   0.0
        D:5 |     283 |       0 |   0.0 |      16 |       0 |   0.0
        D:6 |     767 |       0 |   0.0 |      24 |       0 |   0.0
        D:7 |    1319 |     122 |   8.5 |      27 |       1 |   3.6
        D:8 |    1419 |       0 |   0.0 |      34 |       0 |   0.0
        D:9 |    3477 |    1571 |  31.1 |      41 |       6 |  12.8
            +---------+---------+-------+---------+---------+-------
